 Dungeon Crawl Stone Soup version 0.29.0-13-gc9e81de378 (webtiles) character file.

Game seed: 16697894141193720558

8 Artool the Cudgeller (level 2, 22/22 HPs)
             Began as a Demonspawn Gladiator on Sept 7, 2022.
             Quit the game on level 1 of the Dungeon.
             The game lasted 00:00:48 (292 turns).

Artool the Cudgeller (Demonspawn Gladiator)          Turns: 292, Time: 00:00:49

Health: 22/22      AC:  5    Str: 14    XL:     2   Next: 0%
Magic:  2/2        EV: 12    Int:  9    God:
Gold:   42         SH:  0    Dex: 14    Spells: 1/1 levels left

rFire   . . .      SeeInvis .   a - +0 flail
rCold   . . .      Faith    .   (no shield)
rNeg    . . .      Spirit   .   b - +0 leather armour
rPois   .          Reflect  .   c - +0 helmet
rElec   .          Harm     .   f - +0 cloak
rCorr   .          Rampage  .   (no gloves)
Will    .....                   (no boots)
Stlth   +.........              (no amulet)
HPRegen 0.07/turn               (no ring)
MPRegen 0.08/turn               (no ring)

@: no status effects
A: demonic magic 1
a: no special abilities


You were on level 1 of the Dungeon.
You visited 1 branch of the dungeon, and saw 1 of its levels.

You collected 42 gold pieces.

Inventory:

Hand Weapons
 a - a +0 flail (weapon)
Missiles
 d - 3 throwing nets (quivered)
 e - a javelin
Armour
 b - a +0 leather armour (worn)
 c - a +0 helmet (worn)
 f - a +0 cloak (worn)
Scrolls
 g - a scroll of identify {unknown}
Potions
 h - a potion of curing {unknown}


   Skills:
 + Level 2.1 Fighting
 + Level 2.8 Maces & Flails
 + Level 1.9 Throwing
 + Level 0.3 Armour
 + Level 2.8 Dodging


You had one spell level left.
You didn't know any spells.
Your spell library was empty.

Dungeon Overview and Level Annotations

Branches:
Dungeon (1/15)

Altars:


Innate Abilities, Weirdness & Mutations

Spells you cast may paralyse adjacent enemies.


Message History

A frilled lizard comes into view.
The frilled lizard hisses angrily.
The frilled lizard bites you but does no damage.
You closely miss the frilled lizard. The frilled lizard misses you.
The frilled lizard closely misses you.
You hit the frilled lizard.
You kill the frilled lizard!
A rat comes into view.
You see here a frilled lizard corpse.
A rat is nearby!
A rat is nearby!
Found 10 gold pieces.
You sock the rat!
You kill the rat!
A goblin comes into view. It is wielding a +0 club.
The goblin hits you with a +0 club.
You closely miss the goblin. The goblin hits you with a +0 club.
You hit the goblin.
The goblin is heavily wounded.
The goblin hits you but does no damage. The goblin completely misses you.
You hit the goblin.
You kill the goblin!
You see here a +0 club.
You now have 42 gold pieces (gained 10).
A giant cockroach comes into view.
You see here an orange potion.
The giant cockroach closely misses you.
You thump the giant cockroach!
You kill the giant cockroach!
No target in view!
No target in view!
h - an orange potion A goblin comes into view.
It is wielding a +0 club.
The goblin barely misses you.
You hit the goblin.
You kill the goblin!
You have reached level 2!
Your demonic ancestry asserts itself...
A menacing aura infuses your magic.
Are you sure you want to abandon this character and quit the game? (Confirm with "yes".)

### ### ### ### ###
###8###8###⌠###8###8#
#....................
#...†................
#....................
#.#8###8##...##8###8#
#.### ####...########
#...## #8...8#.#....
###.@# ##...##......
##.)# #...##......
##..# #...##......
#..#8...8#...... #.#
#...... ... .......
... ....... #..
....... ..#....


There were no monsters in sight!

Vanquished Creatures
  A giant cockroach (D:1)
  3 goblins (D:1)
  A bat (D:1)
  2 frilled lizards (D:1)
  A rat (D:1)
8 creatures vanquished.

Notes
Turn   | Place    | Note
-------+----------+-------------------------------------------
     0 | D:1      | Artool the Demonspawn Gladiator began the quest for the
                  | Orb.
     0 | D:1      | Reached XP level 1. HP: 16/16 MP: 1/1
    43 | D:1      | Found a faded altar of an unknown god.
   292 | D:1      | Gained mutation: Spells you cast may paralyse adjacent
                  | enemies. [demonic ancestry]
   292 | D:1      | Reached XP level 2. HP: 22/22 MP: 2/2
   292 | D:1      | Quit the game

Illustrated notes

Levels and vault maps discovered:
D:1:      evilmike_arrival_come_back, layout_rooms,
          ebering_ecumenical_altar_webs, serial_shops, nicolae_lakefront_shop,
          corexii_hall_statues_t, nicolae_kite_square_tiling_tiny,
          kennysheep_minor_cross

Action                   || total
-------------------------++-------
Melee: Flail             ||    14
Armor: Leather armour    ||     5
Dodge: Dodged            ||    21
